 Dungeon Crawl Stone Soup version 0.29-a0-823-gc37b1572da (webtiles) character file.

Game seed: 17405695724525860948

202 zeratav the Stinger (level 5, -11/31 HPs)
             Began as an Octopode Venom Mage on July 8, 2022.
             Shot with an arrow by something (17 damage)
             ... on level 4 of the Dungeon.
             The game lasted 00:04:09 (3494 turns).

zeratav the Stinger (Octopode Venom Mage)           Turns: 3494, Time: 00:04:10

Health: -11/31     AC:  1    Str:  8    XL:     5   Next: 80%
Magic:  4/8        EV: 17    Int: 19    God:
Gold:   161        SH:  0    Dex: 12    Spells: 5/8 levels left

rFire   . . .      SeeInvis .   t - +1 dagger (drain) {short}
rCold   . . .      Faith    .   (no shield)
rNeg    . . .      Spirit   .   (helmet restricted)
rPois   .          Reflect  .   (no amulet)
rElec   .          Harm     .   r - +4 ring of evasion
rCorr   .          Rampage  .   (no ring)
Will    .....                   (no ring)
Stlth   ++++......              (no ring)
HPRegen 0.10/turn               (no ring)
MPRegen 0.11/turn               (no ring)
                                (no ring)
                                (no ring)

@: no status effects
A: almost no armour, amphibious, 8 rings, camouflage 1, gelatinous body 1,
(nimble swimmer 1), tentacles
a: no special abilities


You were on level 4 of the Dungeon.
You visited 1 branch of the dungeon, and saw 4 of its levels.

You collected 161 gold pieces.


Innate Abilities, Weirdness & Mutations

You cannot wear most types of armour.
You are amphibious.
You can wear up to eight rings at the same time.
Your skin changes colour to match your surroundings (Stealth+).
Your rubbery body absorbs attacks. (AC +1, EV +1)
((You are camouflaged when in or above water. (Stealth+)))
You have tentacles for arms and can constrict up to eight enemies at once.


   Skills:
 - Level 2.0 Dodging
 - Level 5.0 Stealth
 - Level 2.0 Spellcasting
 - Level 1.0 Transmutations
 + Level 6.7 Poison Magic


You had 5 spell levels left.
You knew the following spells:

 Your Spells              Type           Power      Damage    Failure   Level
a - Sting                 Tmut/Pois      64%        1d6       3%          1
b - Poisonous Vapours     Pois/Air       28%        N/A       6%          2

Your spell library contained the following spells:

 Spells                   Type           Power      Damage    Failure   Level
 Olgreb's Toxic Radiance  Pois           27%        N/A       11%         4
 Passwall                 Tmut/Erth      2%         N/A       21%         2
 Mephitic Cloud           Conj/Pois/Air  10%        N/A       21%         3
 Ensorcelled Hibernation  Hex/Ice        2%         N/A       26%         2
 Swiftness                Air            1%         N/A       45%         3

Inventory:

Hand Weapons
 t - a +1 dagger of draining (weapon) {short}
   (You took it off a goblin on level 1 of the Dungeon)
Jewellery
 r - a +4 ring of evasion (left tentacle)
   (You found it on level 3 of the Dungeon)
Scrolls
 b - 2 scrolls of fear {unknown}
 c - a scroll of magic mapping {unknown}
 h - a scroll of acquirement {unknown}
 i - a scroll of vulnerability {unknown}
 j - a scroll of summoning {unknown}
 k - 3 scrolls of identify {unknown}
 p - 3 scrolls of enchant armour {unknown}
 q - a scroll of teleportation {unknown}
Potions
 a - 2 potions of magic
 d - 4 potions of curing {@q1}
 e - a potion of haste {unknown}
 f - a potion of cancellation {unknown}
 g - a potion of berserk rage {unknown}
 l - a potion of degeneration {unknown}
 m - a potion of flight {unknown}
 n - a potion of ambrosia {unknown}
 o - a potion of heal wounds {unknown}

Dungeon Overview and Level Annotations

Branches:
Dungeon (4/15) Zot: 20506
 Temple: D:4-7

Altars:
Okawaru

#....(#..........#
#.....#..........#
#.....#..........#
#######....#######
#######....#
#.....#....#
#.≈≈≈.#....#
#...≈.'....#
#._.≈.'...@#
#...≈.'....#
#.≈≈≈.#....#
#.....######
#######


There were no monsters in sight!


Message History

You take 3 damage, and now have 28/31 hp.
You hit the necrophage.
You constrict the necrophage, but do no damage.
The necrophage hits you.
You feel drained.
HP[-1]
You now have 30 max hp (-1).
You hit the necrophage. You constrict the necrophage.
The necrophage completely misses you.
You hit the necrophage. You squeeze the necrophage.
You constrict the necrophage. The necrophage barely misses you.
You hit the necrophage. You constrict the necrophage. The necrophage hits you.
You feel drained.
HP[-5]
You now have 29 max hp (-1).
You take 5 damage, and now have 22/29 hp.
You hit the necrophage but do no damage.
You tentacle-slap the necrophage, but do no damage.
Your squeeze misses the necrophage. You constrict the necrophage.
The necrophage completely misses you.
You hit the necrophage but do no damage.
You constrict the necrophage. The necrophage barely misses you.
You hit the necrophage. You constrict the necrophage. The necrophage hits you.
HP[-3]
You take 3 damage, and now have 19/29 hp.
You hit the necrophage.
You destroy the necrophage!
Your life force feels restored.
Your Poison Magic skill increases to level 6!
You now have 31 max hp (+2).
No target in view!
You see here a necrophage corpse.
You see here a necrophage corpse.
You open the door.
A goblin comes into view. It is wielding a +1 dagger of venom.
There is an open door here.
HP[+12]
Your hp is fully restored (31).
Casting: Poisonous Vapours (safe; 6% risk of failure)
Confirm with . or Enter, or press ? or * to list all spells.
Aiming: Poisonous Vapours (safe; 6% risk of failure)
Press: ? - help, Dir - move target, f - goblin
Aim: a goblin, wielding a +1 dagger of venom (asleep) Poisonous vapours surround the goblin!
The goblin is poisoned.
The goblin shouts!
MP[-2]
You lost 2 mp, and now have 6/8 mp.
Casting: Poisonous Vapours (safe; 6% risk of failure)
Confirm with . or Enter, or press ? or * to list all spells.
Aiming: Poisonous Vapours (safe; 6% risk of failure)
Press: ? - help, Dir - move target, f/p - goblin
Aim: a goblin, wielding a +1 dagger of venom (poisoned) Poisonous vapours surround the goblin!
The goblin looks even sicker.
MP[-2]
You lost 2 mp, and now have 4/8 mp.
Casting: Poisonous Vapours (safe; 6% risk of failure)
Confirm with . or Enter, or press ? or * to list all spells.
Aiming: Poisonous Vapours (safe; 6% risk of failure)
Press: ? - help, Dir - move target, f/p - goblin
Aim: a goblin, wielding a +1 dagger of venom (very poisoned) Poisonous vapours surround the goblin!
The goblin looks even sicker.
A phantom comes into view.
MP[-2]
You lost 2 mp, and now have 2/8 mp.
You close the door.
You feel a bit more experienced.
You start resting.
A centaur comes into view.
Something unseen opens the door.
MP[+1]
There is an open door here.
The centaur wields a +0 shortbow.
The centaur shoots an arrow.
The arrow closely misses you.
You close the door.
Something unseen opens the door.
The centaur shoots an arrow.
The arrow hits you!
HP[-9] MP[+1]
You take 9 damage, and now have 22/31 hp.
MASSIVE DAMAGE!! (PAUSE)
The centaur shoots an arrow.
The arrow hits you!
* * * LOW HITPOINT WARNING * * *
HP[-7]
You take 7 damage, and now have 15/31 hp.
MASSIVE DAMAGE!! (PAUSE)
The centaur drinks a potion.
The centaur flickers and vanishes!
Deactivating autopickup; reactivate with Ctrl-A.
You hear a twanging sound.
An arrow appears from out of thin air!
The arrow barely misses you.
You hear a twanging sound.
An arrow appears from out of thin air!
The arrow barely misses you.
HP[+1]
You hear a twanging sound.
An arrow appears from out of thin air!
The arrow barely misses you.
There is a stone staircase leading up here.
You hear a twanging sound.
An arrow appears from out of thin air!
The arrow hits you!
* * * LOW HITPOINT WARNING * * *
You hear a twanging sound.
An arrow appears from out of thin air!
The arrow hits you!
Ouch! That really hurt!
You die...

Skill      XL: |  1  2  3  4  5 |
---------------+----------------+-----
Stealth        | 3 4 5 |  5.0
Poison Magic   | 4 5 6 |  6.7
Dodging        | |  2.0
Spellcasting   | |  2.0
Transmutations | |  1.0

Action                   |  1- 3 |  4- 6 || total
-------------------------+-------+-------++-------
Melee: Tentacles         |     5 |    11 ||    16
       Unarmed           |     1 |       ||     1
       Dagger            |    22 |    52 ||    74
       Short sword       |     8 |     6 ||    14
       Constrict         |     6 |     9 ||    15
       Punch             |       |     1 ||     1
 Cast: Sting             |    21 |     3 ||    24
       Poisonous Vapours |     4 |    13 ||    17
 Stab: Sleeping          |    10 |    11 ||    21
Armor: Skin              |       |     3 ||     3
Dodge: Dodged            |     9 |    45 ||    54

Levels and vault maps discovered:
D:1:      lemuel_arrival_funnel, layout_loops_corners,
          ebering_ecumenical_altar_sacrificial
D:2:      layout_basic, serial_corexii_hall, corexii_hall_statues_l,
          corexii_hall_statues_s, corexii_hall_statues_u,
          chequers_hall_statues_wall_a, corexii_hall_statues_i,
          corexii_hall_statues_i
D:3:      layout_loops_ring, nicolae_hexahallways, kennysheep_boxes
D:4:      layout_gridville, mainiacjoe_overflow_alcove_4, lemuel_old_faithful

Notes
Turn   | Place    | Note
-------+----------+-------------------------------------------
     0 | D:1      | zeratav the Octopode Venom Mage began the quest for the
                  | Orb.
     0 | D:1      | Reached XP level 1. HP: 11/11 MP: 3/3
     0 | D:1      | magus.rc [v1.9.6]
   132 | D:1      | Reached skill level 3 in Stealth
   224 | D:1      | Reached XP level 2. HP: 17/17 MP: 0/5
   283 | D:1      | Reached skill level 4 in Poison Magic
   731 | D:1      | Found a faded altar of an unknown god.
   928 | D:1      | Reached XP level 3. HP: 21/21 MP: 6/6
  1175 | D:1      | Learned a level 2 spell: Poisonous Vapours
  1201 | D:2      | Reached skill level 4 in Stealth
  1576 | D:2      | Reached XP level 4. HP: 27/27 MP: 0/7
  1726 | D:2      | Reached skill level 5 in Poison Magic
  1741 | D:2      | You pick up a book of Burglary and begin reading...
  1741 | D:2      | You add the spells Passwall, Ensorcelled Hibernation and
                  | Swiftness to your library.
  1928 | D:2      | Reached skill level 5 in Stealth
  2292 | D:3      | Reached XP level 5. HP: 30/31 MP: 8/8
  3305 | D:4      | Found an iron altar of Okawaru.
  3343 | D:4      | Reached skill level 6 in Poison Magic
  3472 | D:4      | Noticed a phantom
  3477 | D:4      | Noticed a centaur
  3494 | D:4      | HP: 6/31 [something (10)]
  3494 | D:4      | Shot with an arrow by something

Vanquished Creatures
  A necrophage (D:4)
  3 gnolls (D:2)
  4 adders
  A worm (D:2)
  2 dart slugs (D:2)
  4 orcs (D:3)
  7 endoplasms
  6 giant cockroaches
  3 hobgoblins
  3 quokkas (D:1)
  6 ball pythons
  3 bats
  4 frilled lizards
  6 goblins
  5 kobolds
  5 rats
63 creatures vanquished.

Vanquished Creatures (others)
  12 plants (D:3)
12 creatures vanquished.

Grand Total: 75 creatures vanquished

Table legend:
 A = Non-vault XP
 B = Vault XP
 C = Vault XP percentage of total XP
 D = Non-vault monster count
 E = Vault monster count
 F = Vault count percentage of total count
                 A         B        C        D         E       F
            +---------+---------+-------+---------+---------+-------
      Total |     289 |       0 |   0.0 |      63 |       0 |   0.0
            +---------+---------+-------+---------+---------+-------
        D:1 |      36 |       0 |   0.0 |      22 |       0 |   0.0
        D:2 |     119 |       0 |   0.0 |      23 |       0 |   0.0
        D:3 |      42 |       0 |   0.0 |      15 |       0 |   0.0
        D:4 |      92 |       0 |   0.0 |       3 |       0 |   0.0
            +---------+---------+-------+---------+---------+-------

Illustrated notes

Table legend:
 A = Kills in this place as a percentage of kills in entire the game.
 B = Kills by you in this place as a percentage of kills by you in the entire game.
 C = Kills by friends in this place as a percentage of kills by friends in the entire game.
 D = Other kills in this place as a percentage of other kills in the entire game.
 E = Experience gained in this place as a percentage of experience gained in the entire game.
 F = Experience gained in this place divided by the number of levels of this place that you have seen.
                   A       B       C       D       E      F
               +-------+-------+-------+-------+-------+----------------------
         Total | 100.0 | 100.0 |   N/A |   N/A | 100.0 |  72.2
       Dungeon | 100.0 | 100.0 |   N/A |   N/A | 100.0 |  72.2
               +-------+-------+-------+-------+-------+----------------------

Table legend: (Time is in decaauts)
 A = Elapsed time spent in this place.
 B = Non-inter-level travel time spent in this place.
 C = Inter-level travel time spent in this place.
 D = Time resting spent in this place.
 E = Time spent auto-exploring this place.
 F = Levels seen in this place.
 G = Mean time per level.
                   A        B        C        D        E       F      G
               +--------+--------+--------+--------+--------+-----+--------+
         Total |   3492 |   3385 |    107 |    180 |   2736 |   4 |  873.0 |
       Dungeon |   3492 |   3385 |    107 |    180 |   2736 |   4 |  873.0 |
               +--------+--------+--------+--------+--------+-----+--------+

Top non-repeatable levels by time:
     D:1: 1190 daAuts
     D:3: 1107 daAuts
     D:2: 1000 daAuts
     D:4: 192 daAuts
